 Dungeon Crawl Stone Soup version 0.30.2 (webtiles) character file.

Game seed: 11684900497595432703

28679 Curundu the Cleaver (level 13, -27/171 HPs)
             Began as a Minotaur Berserker on Feb 14, 2024.
             Was an Elder of Trog.
             Killed from afar by Jorgrun (30 damage)
             ... with an iron shot
             ... on level 1 of the Spider Nest.
             The game lasted 00:52:55 (13468 turns).

Curundu the Cleaver (Minotaur Berserker)           Turns: 13468, Time: 00:52:56

Health: -27/171    AC: 31    Str: 26    XL:     13   Next: 11%
Magic:  13/13      EV:  7    Int:  4    God:    Trog [****..]
Gold:   1205       SH:  9    Dex: 11    Spells: 12/12 levels left

rFire   . . .        g - +4 hand axe (heavy)
rCold   . . .        l - +3 buckler
rNeg    + + +        y - +8 plate armour of the Hippo {rN+++}
rPois   +            (helmet restricted)
rElec   .            (no cloak)
rCorr   .            (no gloves)
SInv    .            R - +0 pair of boots
Will    .....        J - amulet of the acrobat Stlth
                     c - ring of poison resistance
HPRegen 0.48/turn    o - +4 ring of protection
MPRegen 0.13/turn

%: acrobat
@: berserking, grasped by roots, constricted, very quick
A: horns 2, retaliatory headbutt, iridescent scales 1, high MP 1
a: Renounce Religion, Berserk, Trog's Hand, Brothers in Arms


You were on level 1 of the Spider Nest.
You worshipped Trog.
Trog was greatly pleased with you.
You visited 4 branches of the dungeon, and saw 15 of its levels.
You also visited: Sewer and Bailey.

You collected 1205 gold pieces.

Inventory:

Hand Weapons
 g - a +4 heavy hand axe (weapon)
 m - a +0 broad axe
 D - a +1 vampiric war axe
 F - a +1 scimitar of flaming
 G - a +2 flail of draining
Missiles
 j - 29 boomerangs (quivered)
 B - a throwing net
Armour
 l - a +3 buckler (worn)
 u - a +3 plate armour of poison resistance
 y - the +8 plate armour of the Hippo (worn) {rN+++}
   (You found it on level 5 of the Dungeon)

   rN:        It renders you almost immune to negative energy.
 R - a +0 pair of boots (worn)
Jewellery
 c - a ring of poison resistance (left hand)
 d - a ring of ice
 o - a +4 ring of protection (right hand)
 r - a ring of resist corrosion
 C - a ring of willpower
 J - an amulet of the acrobat (around neck)
 M - a ring of protection from fire
 N - a ring of fire
 Q - a +6 ring of dexterity
Wands
 i - a wand of iceblast (19)
 q - a wand of quicksilver (7)
 t - a wand of paralysis (12)
 I - a wand of digging (3)
 O - a wand of flame (10)
 X - a wand of mindburst (3)
Scrolls
 b - 2 scrolls of poison
 e - a scroll of vulnerability
 f - 10 scrolls of teleportation
 k - 5 scrolls of fear
 p - a scroll of blinking
 E - 8 scrolls of identify
 L - 3 scrolls of magic mapping
 P - 3 scrolls of silence
 S - a scroll of summoning
 U - a scroll of enchant armour
 V - a scroll of noise
 W - a scroll of torment {unknown}
Potions
 a - 2 potions of lignification
 h - 4 potions of heal wounds
 n - a potion of resistance
 s - 8 potions of curing
 v - 3 potions of invisibility
 w - a potion of berserk rage {unknown}
 x - 2 potions of mutation
 z - 2 potions of flight
 A - 3 potions of haste
 H - a potion of magic
 K - 3 potions of might


   Skills:
 + Level 10.7 Fighting
 + Level 1.7 Long Blades
 + Level 14.2(14.4) Axes
 + Level 3.5(9.9) Maces & Flails
 + Level 12.4 Armour
 * Level 8.8 Dodging
 - Level 1.9 Stealth
 * Level 10.1 Shields
 * Level 6.4 Evocations


You had 12 spell levels left.
You didn't know any spells.
Your spell library was empty.

Dungeon Overview and Level Annotations

Branches:
Dungeon (10/15)            Temple (1/1) D:6            Lair (3/5) D:10
 Shoals (0/4) Lair:2       Spider (1/4) Lair:3        Sewer (visited)
 Bailey (visited)
    Orc: D:9-12

Altars:
Cheibriados
Elyvilon
Fedhas
Gozag
Hepliaklqana
Kikubaaqudgha
Nemelex Xobeh
Qazlal
Uskayaw
Wu Jian
Yredelemnul

Shops:
D:2 !   D:3 :   D:8 *   D:9 *:[

Annotations:
Spider:1 Jorgrun


Innate Abilities, Weirdness & Mutations

You have a pair of horns on your head.
You reflexively headbutt those who attack you in melee.
You are partially covered in iridescent scales. (AC +2)
You have an increased reservoir of magic. (+10% MP)


Message History

Some rock shatters into small pieces.
The grasping roots constrict you! x2
You slash Jorgrun! Your headbutt misses Jorgrun.
Jorgrun is lightly wounded.
Jorgrun gestures at you while chanting. You resist with almost no effort.
The grasping roots constrict you!
* * * LOW HITPOINT WARNING * * *
You slash Jorgrun! Your headbutt misses Jorgrun.
Jorgrun is moderately wounded.
Your skin stops crawling.
You feel less strong-willed.
Jorgrun hits you with a +0 heavy quarterstaff!!
* * * LOW HITPOINT WARNING * * *
The grasping roots constrict you.
* * * LOW HITPOINT WARNING * * *
A red film seems to cover your vision as you go berserk!
You feel yourself moving faster!
You feel mighty!
You closely miss Jorgrun.
Jorgrun is moderately wounded.
Jorgrun casts a spell at you. You block the iron shot.
The grasping roots constrict you.
You slash Jorgrun!
Jorgrun is moderately wounded.
You slash Jorgrun!
Jorgrun is moderately wounded.
You block Jorgrun's attack. The grasping roots constrict you.
* * * LOW HITPOINT WARNING * * *
You closely miss Jorgrun. You headbutt Jorgrun.
Jorgrun is heavily wounded.
You barely miss Jorgrun.
Jorgrun is heavily wounded.
Jorgrun hits you but does no damage. The grasping roots constrict you!
* * * LOW HITPOINT WARNING * * *
You hit Jorgrun.
Jorgrun is heavily wounded.
You miss Jorgrun.
Jorgrun is heavily wounded.
You slash Jorgrun!
Jorgrun is heavily wounded.
Jorgrun gestures at you while chanting. The iron shot hits you!!
You die...

#############
#............
###...........
##.##..@.......
#...#..g##.....
#...#....## ...
#....†....# .
#........##
#........#
#...(..###
###.....#
#....^.##


You could see Jorgrun.

Vanquished Creatures
  Josephine (Lair:3)
  2 hydras (Lair:3)
  Erica (D:8)
  2 two-headed ogres
  A skyshark (Lair:2)
  A steelbarb worm (Spider:1)
  5 elephants (Lair:2)
  3 black mambas
  2 merfolk sirens (Lair:2)
  8 cane toads
  A centaur zombie (D:9)
  2 torpor snails
  2 unseen horrors (D:10)
  A redback zombie (D:9)
  A komodo dragon (Lair:2)
  2 trolls (D:10)
  2 merfolk (Lair:2)
  3 hellwings (D:9)
  2 hornets
  5 blink frogs (Lair:3)
  A polar bear (Lair:2)
  A vampire (D:9)
  4 wraiths (Lair:3)
  A wyvern (D:9)
  39 yaks
  2 redbacks (Spider:1)
  A steam dragon (D:10)
  3 swamp worms (Lair:2)
  Duvessa (D:5)
  3 water moccasins
  4 black bears
  11 orc warriors
  3 sky beasts
  A hornet zombie (D:9)
  4 wolves (D:10)
  2 ogres
  2 centaurs
  A phantom (D:6)
  8 kobold brigands
  4 bullfrogs
  4 scorpions
  9 wights
  Dowan (D:5)
  3 killer bees (D:9)
  7 howler monkeys
  5 electric eels
  5 hounds
  8 jellies
  5 orc priests
  6 iguanas
  15 orc wizards
  Robin (D:3)
  4 gnolls (D:3)
  9 adders
  A white imp (D:7)
  2 ufetubi
  An adder zombie (D:2)
  An adder skeleton (D:2)
  6 worms
  3 dart slugs
  41 orcs
  3 bats
  A bat zombie (D:2)
  6 endoplasms
  15 giant cockroaches
  11 goblins
  10 hobgoblins
  6 jackals
  21 kobolds
  7 quokkas
  15 ball pythons
  6 frilled lizards
  A jackal zombie (D:2)
  7 rats
389 creatures vanquished.

Notes
Turn   | Place    | Note
-------+----------+-------------------------------------------
     0 | D:1      | Curundu the Minotaur Berserker began the quest for the Orb.
     0 | D:1      | Reached XP level 1. HP: 19/19 MP: 0/0
   226 | D:1      | Reached XP level 2. HP: 27/27 MP: 1/1
   384 | D:1      | Reached skill level 4 in Axes
   709 | D:2      | Reached XP level 3. HP: 33/33 MP: 2/2
   773 | D:2      | Found Amirph's Distillery.
   788 | D:2      | Reached ** piety under Trog
  1130 | D:2      | Reached XP level 4. HP: 39/40 MP: 3/3
  1550 | D:2      | Reached skill level 5 in Axes
  1611 | D:3      | Noticed Robin
  1638 | D:3      | Killed Robin
  1767 | D:3      | Found Sestraom's Book Shoppe.
  1838 | D:3      | Reached XP level 5. HP: 47/47 MP: 4/4
  1937 | D:3      | Reached *** piety under Trog
  1946 | D:3      | Found a glowing drain.
  1968 | Sewer    | Entered a sewer
  2121 | Sewer    | Reached skill level 5 in Fighting
  2143 | Sewer    | Reached skill level 6 in Axes
  2143 | Sewer    | Reached XP level 6. HP: 54/56 MP: 5/5
  2151 | Sewer    | Found a viscous altar of Jiyva.
  2349 | D:3      | You fall into a shaft and drop 2 floors!
  2349 | D:5      | Entered Level 5 of the Dungeon
  2402 | D:5      | Reached **** piety under Trog
  3601 | D:5      | Reached skill level 7 in Axes
  3660 | D:5      | Noticed Duvessa
  3660 | D:5      | Noticed Dowan
  3672 | D:5      | Killed Duvessa
  3673 | D:5      | Reached XP level 7. HP: 50/61 MP: 6/6
  3681 | D:5      | Killed Dowan
  3836 | D:5      | Identified the +8 plate armour of the Hippo {rN+++}
  3865 | D:5      | Reached skill level 8 in Axes
  3948 | D:5      | Noticed a yak
  3950 | D:5      | Noticed a yak
  3952 | D:5      | Noticed a yak
  3960 | D:5      | Noticed a yak
  3962 | D:5      | Killed a yak
  3963 | D:5      | Reached skill level 5 in Armour
  3963 | D:5      | Reached skill level 1 in Stealth
  3971 | D:5      | Reached XP level 8. HP: 30/70 MP: 7/7
  3978 | D:5      | Reached skill level 9 in Axes
  4185 | D:5      | Reached skill level 10 in Axes
  4194 | D:5      | Reached XP level 9. HP: 16/78 MP: 8/8
  4701 | D:5      | Found a sparkling altar of Nemelex Xobeh.
  4701 | D:5      | Found a hide-covered altar of Uskayaw.
  4704 | D:5      | Identified the +4 dagger of Foul Odours {freeze, rElec}
  4840 | D:5      | Found a stormy altar of Qazlal.
  5218 | D:6      | Found a staircase to the Ecumenical Temple.
  5363 | Temple   | Entered the Ecumenical Temple
  5451 | D:6      | Reached skill level 11 in Axes
  5678 | D:7      | Found an ancient bone altar of Kikubaaqudgha.
  5816 | D:7      | Found a snail-covered altar of Cheibriados.
  6036 | D:7      | Found a flagged portal.
  6054 | Bailey   | Entered a bailey
  6221 | Bailey   | Reached skill level 1 in Shields
  6292 | Bailey   | Identified the +3 robe of Watchfulness {rC+ rN+ Slay+3}
  6307 | Bailey   | Reached skill level 1 in Evocations
  6309 | Bailey   | Reached skill level 12 in Axes
  6309 | Bailey   | Reached XP level 10. HP: 66/88 MP: 9/9
  6311 | Bailey   | Reached ***** piety under Trog
  6317 | Bailey   | Found a burning altar of Makhleb.
  6596 | D:8      | Reached skill level 5 in Dodging
  6775 | D:8      | Found Suwnim's General Store.
  6825 | D:8      | Noticed Erica
  6836 | D:8      | Killed Erica
  7034 | D:9      | Noticed a two-headed ogre
  7041 | D:9      | Killed a two-headed ogre
  7197 | D:9      | Reached skill level 13 in Axes
  7217 | D:9      | Found a blossoming altar of Fedhas.
  7278 | D:9      | Reached skill level 10 in Armour
  7278 | D:9      | Reached XP level 11. HP: 74/97 MP: 10/10
  7401 | D:9      | Received a gift from Trog
  7578 | D:9      | Found Bopun's Antique Armour Boutique.
  7600 | D:9      | Reached skill level 5 in Shields
  7729 | D:9      | Found the +4 Cigotuvi's embrace {Corpsefed rMiasma Drain
                  | rN+}
  7790 | D:9      | Found Gozoasif's General Store.
  7809 | D:9      | Found Wewingol's Book Boutique.
  8126 | D:10     | Entered Level 10 of the Dungeon
  8156 | D:10     | Found an opulent altar of Gozag.
  8924 | D:10     | Found a staircase to the Lair.
  9105 | D:10     | Found the +8 autumn katana {manifold assault}
  9236 | D:10     | Gained mutation: Your flesh is heat resistant. (rF+)
                  | [potion of mutation]
  9236 | D:10     | Lost mutation: Your flesh is heat resistant. (rF+) [potion
                  | of mutation]
  9301 | D:10     | Gained mutation: You have an increased reservoir of magic.
                  | (+10% MP) [potion of mutation]
  9301 | D:10     | Gained mutation: You are partially covered in iridescent
                  | scales. (AC +2) [potion of mutation]
  9407 | D:10     | Noticed a two-headed ogre
  9414 | D:10     | Killed a two-headed ogre
  9787 | Lair:1   | Entered Level 1 of the Lair of Beasts
 10651 | Lair:2   | Reached XP level 12. HP: 105/106 MP: 12/12
 10927 | Lair:2   | Reached skill level 10 in Fighting
 11122 | Lair:2   | Reached skill level 5 in Evocations
 11173 | Lair:2   | Reached skill level 14 in Axes
 11437 | Lair:2   | Found a staircase to the Shoals.
 12076 | Lair:3   | Found a hole to the Spider Nest.
 12248 | Lair:3   | Noticed a six-headed hydra
 12254 | Lair:3   | Noticed Josephine
 12347 | Lair:3   | Reached skill level 1 in Maces & Flails
 12613 | Lair:3   | Killed Josephine
 12693 | Lair:3   | Reached skill level 1 in Long Blades
 12703 | Lair:3   | Noticed a seven-headed hydra
 12715 | Lair:3   | Killed a seven-headed hydra
 12716 | Lair:3   | Reached XP level 13. HP: 83/114 MP: 13/13
 12988 | Lair:3   | Reached skill level 10 in Shields
 13402 | Spider:1 | Entered Level 1 of the Spider Nest
 13449 | Spider:1 | Noticed Jorgrun
 13465 | Spider:1 | HP: 2/171 [constriction (10)]
 13468 | Spider:1 | Killed from afar by Jorgrun

Illustrated notes

Levels and vault maps discovered:
D:1:      ncdulo_watergridlock, layout_basic
D:2:      layout_basic, serial_shops, shop, serial_undead, serial_undead_a,
          serial_undead_b, serial_undead_f, serial_undead_f
D:3:      layout_rooms, gup_sewer_entry_pipe, serial_shops, shop, uniq_robin
D:4:      layout_loops_corners
D:5:      layout_loops_ring, amethyst_overflow_temple_binary,
          nicolae_qazlal_eye_of_the_storm, uniq_duvessa
D:6:      layout_basic, minmay_temple_entry_slanted
D:7:      layout_rooms, cheibriados_altar_1, lemuel_coloured_pillars_altar,
          enter_bailey_2
D:8:      layout_cave_pools, serial_shops, shop, uniq_erica
D:9:      layout_small_grid, fedhas_altar_3, serial_shops,
          nicolae_shop_dealshenge, grunt_ministairs_5, nicolae_wooded_promenade,
          nicolae_wwwww, minivault_11, hellmonk_guarded_unrand_cigotuvi
D:10:     layout_loops_ring, nicolae_gozag_cash_rules_everything_around_me,
          erik_lair_island, lightli_orcish_oven
Temple:   hellmonk_temple_of_storms
Lair:1:   layout_loops_ring, grunt_megastairs_3, infiniplex_staircase_pool_2,
          serial_bayou_shore_a
Lair:2:   layout_chaotic_city, elwin_shoals_entry_stream, worms_lemuel
Lair:3:   layout_roguey, nicolae_spider_entry_non_spiders, enter_volcano_1,
          st_stairs_12, uniq_josephine
Spider:1: layout_spider_delve, gammafunk_ghost_necromancy, uniq_jorgrun

Skill      XL: |  1  2  3  4  5  6  7  8  9 10 11 12 13 |
---------------+----------------------------------------+-----
Axes           | 4 5 6 7 8 10 12 13 14 | 14.2
Fighting       | 4 5 6 8 9 10 | 10.7
Armour         | 3 4 5 7 9 10 11 12 | 12.4
Dodging        | 3 4 6 7 8 |  8.8
Stealth        | 1 |  1.9
Shields        | 1 4 7 9 10 | 10.1
Evocations     | 1 3 4 6 |  6.4
Maces & Flails | 3 |  3.5
Long Blades    | 1 |  1.7

Action                     |  1- 3 |  4- 6 |  7- 9 | 10-12 | 13-15 || total
---------------------------+-------+-------+-------+-------+-------++-------
  Melee: Hand axe          |    69 |   195 |   182 |   439 |    34 ||   919
         Headbutt          |    16 |    35 |    51 |    98 |    15 ||   215
         Punch             |       |       |     1 |       |       ||     1
         War axe           |       |       |    74 |       |       ||    74
         Flail             |       |       |       |    64 |    16 ||    80
         Scimitar          |       |       |       |    26 |       ||    26
  Throw: Boomerang         |       |       |       |       |     5 ||     5
 Invoke: Trog's Hand       |       |     2 |     3 |    17 |     1 ||    23
         Berserk           |       |       |     2 |     3 |     1 ||     6
    Use: Scroll            |     2 |     4 |    12 |     8 |     2 ||    28
         Potion            |       |       |       |     3 |       ||     3
 Armour: Animal skin       |     6 |       |       |       |       ||     6
         Ring mail         |    19 |    79 |       |       |       ||    98
         Scale mail        |       |     9 |     3 |       |       ||    12
         Chain mail        |       |       |    12 |       |       ||    12
         Plate armour      |       |       |   174 |   500 |    33 ||   707
  Dodge: Dodged            |    48 |   122 |   120 |   320 |    21 ||   631
  Block: Buckler           |       |       |    13 |   294 |    30 ||   337
